 Dungeon Crawl Stone Soup version 0.30.1-11-g7821555f0a (webtiles) character file.

Game seed: 3289885308774900337

170 IHitMyHead the Chopper (level 5, -5/45 (47) HPs)
             Began as a Minotaur Berserker on Oct 18, 2023.
             Was a Believer of Trog.
             Slain by Crazy Yiuf
             ... wielding a +2 quarterstaff of chaos
              (6 damage)
             ... on level 2 of the Dungeon on Nov 3, 2023.
             The game lasted 00:06:44 (1238 turns).

IHitMyHead the Chopper (Minotaur Berserker)         Turns: 1238, Time: 00:06:44

HP:   -5/45 (47)    AC:  5    Str: 22    XL:     5   Next: 26%
MP:   4/4           EV: 12    Int:  4    God:    Trog [**....]
Gold: 42            SH:  0    Dex: 17    Spells: 4/4 levels left

rFire   . . .        a - +1 hand axe
rCold   . . .        (no shield)
rNeg    . . .        i - +0 ring mail
rPois   .            (helmet restricted)
rElec   .            (no cloak)
rCorr   .            (no gloves)
SInv    .            (no boots)
Will    .....        (no amulet)
Stlth   +            j - +6 ring of dexterity
HPRegen 0.27/turn    (no ring)
MPRegen 0.09/turn

%: no passive effects
@: studying Stealth, lightly drained
A: horns 2, retaliatory headbutt
a: Renounce Religion, Berserk, Trog's Hand


You were on level 2 of the Dungeon.
You worshipped Trog.
Trog was pleased with you.
You visited 1 branch of the dungeon, and saw 2 of its levels.

You collected 42 gold pieces.

Inventory:

Hand Weapons
 a - a +1 hand axe (weapon)
Armour
 b - a +0 animal skin
 c - a +0 leather armour
 i - a +0 ring mail (worn)
Jewellery
 j - a +6 ring of dexterity (left hand)
Wands
 g - a wand of mindburst (14)
Scrolls
 f - a scroll of magic mapping {unknown}
Potions
 d - a potion of cancellation
 e - 2 potions of magic
 h - a potion of mutation {unknown}


   Skills:
 + Level 4.7 Fighting
 + Level 5.5 Axes
 + Level 3.5 Armour
 + Level 3.0 Dodging
 + Level 0.2 Stealth


You had 4 spell levels left.
You didn't know any spells.
Your spell library was empty.

Dungeon Overview and Level Annotations

Branches:
Dungeon (2/15)

Altars:

Annotations:
D:2 Crazy Yiuf


Innate Abilities, Weirdness & Mutations

You have a pair of horns on your head.
You reflexively headbutt those who attack you in melee.


Message History

The kobold hits you but does no damage. The kobold completely misses you.
You furiously retaliate!
You headbutt the kobold.
You kill the kobold!
Trog accepts your kill.
You now have 42 gold pieces (gained 5).
You see here an orb of mayhem.
Found a stone staircase leading down.
Found a hammer.
Found a runed translucent door.
Crazy Yiuf shouts!
You open the door. You hit Crazy Yiuf. Your headbutt misses Crazy Yiuf.
Crazy Yiuf is lightly wounded.
Crazy Yiuf cries, "You leg down broken song, no?"
Crazy Yiuf hits you with a +2 quarterstaff of chaos!
You feel drained.
You hit Crazy Yiuf.
Crazy Yiuf is lightly wounded.
Crazy Yiuf hits you with a +2 quarterstaff of chaos.
You closely miss Crazy Yiuf.
Crazy Yiuf is lightly wounded.
Crazy Yiuf hits you with a +2 quarterstaff of chaos!
Crazy Yiuf burns you.
You hit Crazy Yiuf but do no damage. You headbutt Crazy Yiuf.
Crazy Yiuf is moderately wounded.
Crazy Yiuf cries, "Prologue hand childish!"
Crazy Yiuf closely misses you.
You hit Crazy Yiuf. Your headbutt misses Crazy Yiuf.
Crazy Yiuf is moderately wounded.
Crazy Yiuf hits you with a +2 quarterstaff of chaos!
* * * LOW HITPOINT WARNING * * *
You barely miss Crazy Yiuf.
Crazy Yiuf is moderately wounded.
Crazy Yiuf closely misses you.
You hit Crazy Yiuf but do no damage.
Crazy Yiuf is moderately wounded.
Crazy Yiuf hits you with a +2 quarterstaff of chaos!
* * * LOW HITPOINT WARNING * * *
Crazy Yiuf hits you with a +2 quarterstaff of chaos.
You die...

#....#
#........
##..##
.##..:.....
♣....♣
...........
♣♣...♣
#....#<....
♣♣.♣♣
#......<....
♣♣.♣
#...........
♣.♣♣
........#..
♣♣.♣
.####.)....
♣@♣♣
#......##.
#g#
#.##.#.##.
... #
#.#.##.
#...#
#.#.##.
#)..#
#.#....
#####
.##......
..........#
..#######.#
#..


You could see Crazy Yiuf.

Vanquished Creatures
  An orc priest (D:2)
  Natasha (twice) (D:2)
  Robin (D:2)
  2 adders (D:2)
  3 dart slugs
  A worm (D:2)
  4 orcs (D:2)
  3 bats
  2 endoplasms (D:2)
  4 giant cockroaches
  14 goblins
  4 hobgoblins (D:2)
  A ball python (D:2)
  2 frilled lizards (D:1)
  3 kobolds
  A rat (D:2)
48 creatures vanquished.

Notes
Turn   | Place    | Note
-------+----------+-------------------------------------------
     0 | D:1      | IHitMyHead the Minotaur Berserker began the quest for the
                  | Orb.
     0 | D:1      | Reached XP level 1. HP: 19/19 MP: 0/0
   136 | D:1      | Reached XP level 2. HP: 19/27 MP: 1/1
   315 | D:1      | Reached skill level 4 in Axes
   609 | D:2      | Noticed Robin
   613 | D:2      | Reached XP level 3. HP: 32/33 MP: 2/2
   613 | D:2      | Reached ** piety under Trog
   624 | D:2      | Killed Robin
   741 | D:2      | Noticed Natasha
   744 | D:2      | Reached XP level 4. HP: 22/41 MP: 3/3
   752 | D:2      | Killed Natasha
   753 | D:2      | Reached skill level 5 in Axes
   892 | D:2      | Upgraded the game from 0.30.1-9-gdf580d7c3d to
                  | 0.30.1-11-g7821555f0a
  1013 | D:2      | Noticed Natasha
  1020 | D:2      | Killed Natasha
  1021 | D:2      | Reached XP level 5. HP: 38/47 MP: 4/4
  1227 | D:2      | Found a runed translucent door.
  1228 | D:2      | Noticed Crazy Yiuf
  1238 | D:2      | HP: 1/45 [Crazy Yiuf/+2 quarterstaff of chaos (8)]
  1238 | D:2      | Slain by Crazy Yiuf

Illustrated notes

Levels and vault maps discovered:
D:1:      nzn_arrival_depleted_hourglass, layout_rooms
D:2:      layout_basic, uniq_robin, uniq_sigmund, uniq_natasha,
          uniq_crazy_yiuf_cottage

Skill      XL: |  1  2  3  4  5 |
---------------+----------------+-----
Fighting       | 4 |  4.7
Axes           | 4 5 |  5.5
Armour         | 3 |  3.5
Dodging        | 3 |  3.0
Stealth        | |  0.2

Action                     |  1- 3 |  4- 6 || total
---------------------------+-------+-------++-------
  Melee: Hand axe          |    47 |    45 ||    92
         Headbutt          |     3 |    10 ||    13
 Invoke: Berserk           |     1 |       ||     1
    Use: Scroll            |     4 |       ||     4
 Armour: Animal skin       |     4 |       ||     4
         Leather armour    |     6 |       ||     6
         Ring mail         |       |    10 ||    10
  Dodge: Dodged            |    38 |    23 ||    61
